 Dungeon Crawl Stone Soup version 0.29.0-7-g18a832c13a (webtiles) character file.

Game seed: 13248147919194725489

2511 robertstho the Protected (level 9, -6/84 HPs)
             Began as a Tengu Berserker on Aug 30, 2022.
             Was a Priest of Trog.
             Collided with a rock wall (9 damage)
             ... caused by Erica
             ... on level 8 of the Dungeon.
             The game lasted 00:06:45 (6493 turns).

robertstho the Protected (Tengu Berserker)          Turns: 6493, Time: 00:06:46

Health: -6/84      AC: 14    Str: 21    XL:     9   Next: 53%
Magic:  10/10      EV:  8    Int:  7    God:    Trog [***...]
Gold:   438        SH:  4    Dex: 15    Spells: 8/8 levels left

rFire   . . .      SeeInvis .   a - +1 spear
rCold   + . .      Faith    .   w - +0 buckler
rNeg    . . .      Spirit   .   i - +0 plate armour
rPois   .          Reflect  .   (helmet restricted)
rElec   .          Harm     .   (no cloak)
rCorr   .          Rampage  .   (no gloves)
Will    .....                   (boots unavailable)
Stlth   ..........              (no amulet)
HPRegen 0.24/turn               q - ring of protection from cold
MPRegen 0.12/turn               (no ring)

@: berserking, lethally poisoned (-6 -> -18), flying quickly and evasively, very
quick
A: beak, talons 3, nimble flight
a: Renounce Religion, Berserk, Trog's Hand


You were on level 8 of the Dungeon.
You worshipped Trog.
Trog was most pleased with you.
You visited 1 branch of the dungeon, and saw 8 of its levels.

You collected 438 gold pieces.

Inventory:

Hand Weapons
 a - a +1 spear (weapon)
Missiles
 m - 2 throwing nets (quivered)
Armour
 i - a +0 plate armour (worn)
 w - a +0 buckler (worn)
 z - +0 acid dragon scales
Jewellery
 q - a ring of protection from cold (left hand)
Wands
 g - a wand of polymorph (10)
 l - a wand of flame (38)
 o - a wand of charming (4)
 r - a wand of iceblast (12)
Scrolls
 c - a scroll of identify
 d - 3 scrolls of teleportation
 f - 2 scrolls of fear {unknown}
 h - 5 scrolls of enchant armour {unknown}
 k - a scroll of brand weapon {unknown}
 n - 3 scrolls of amnesia {unknown}
 t - 5 scrolls of fog {unknown}
 u - a scroll of enchant weapon
 y - 2 scrolls of blinking
Potions
 b - 2 potions of haste
 e - a potion of might {unknown}
 j - 2 potions of magic
 p - a potion of heal wounds
 s - a potion of ambrosia {unknown}
 v - a potion of attraction
 x - 2 potions of curing


   Skills:
 * Level 6.9 Fighting
 + Level 8.7 Polearms
 * Level 9.0 Armour
 + Level 2.4 Dodging
 + Level 1.1 Shields
 + Level 0.1 Evocations


You had 8 spell levels left.
You didn't know any spells.
Your spell library was empty.

Dungeon Overview and Level Annotations

Branches:
Dungeon (8/15)             Temple (0/1) D:7
   Lair: D:8-11

Altars:
Elyvilon
Gozag
Hepliaklqana
Uskayaw

Shops:
D:5 :

Annotations:
D:8 Erica


Innate Abilities, Weirdness & Mutations

You have a beak for a mouth.
You have claws for feet.
Your magical nature lets you fly swiftly and evasively.


Message History

You feel yourself speed up.
You feel less batty.
Your +1 spear unmelds from your body.
Your +0 buckler unmelds from your body.
Your +0 plate armour unmelds from your body.
Your ring of protection from cold unmelds from your body.
You recover from your berserk rage.
Erica the Fiery-Tempered comes into view.
She is wielding a +1 scimitar of flaming.
Found a scroll labelled PUIRCH NEPP.
Erica shouts!
Erica moves out of view.
Found an escape hatch in the floor.
Found a stone staircase leading up.
Erica points at you and mumbles some strange words.
The bolt of poison hits you!!
You are poisoned.
Erica is nearby!
Erica is nearby!
Erica is nearby!
You feel very sick. Erica gestures at you while chanting.
The lance of force hits you!
* * * LOW HITPOINT WARNING * * *
You are knocked back by the lance of force.
You slam into the rock wall!
* * * LOW HITPOINT WARNING * * *
You feel better.
You feel much better. You block Erica's attack.
A red film seems to cover your vision as you go berserk!
You feel yourself moving faster!
You feel mighty! Erica gestures at you while chanting.
The bolt of poison hits you!!
You are poisoned.
You hit Erica. You claw Erica!
Erica is moderately wounded.
You feel very sick. Erica casts a spell at you. The lance of force hits you!!
* * * LOW HITPOINT WARNING * * *
You are knocked back by the lance of force.
You slam into the rock wall!
You die...

#......###
#####..#
#..# #..#
#..# #..#
#..#
#..####
#....@#
#..##.#
#..##@#
....#...
#.#... #.#
..# ## .#
#


You could see Erica.

Vanquished Creatures
  Psyche (D:8)
  An acid dragon (D:8)
  A water moccasin (D:6)
  An ice beast (D:6)
  5 sky beasts
  A centaur (D:8)
  2 phantoms (D:5)
  A scorpion (D:4)
  3 wights (D:7)
  3 killer bees (D:8)
  A crimson imp (D:5)
  A howler monkey (D:6)
  A jelly (D:7)
  4 hounds
  4 gnoll boudas
  An orc priest (D:7)
  2 orc wizards
  2 iguanas
  18 gnolls
  15 adders
  4 white imps
  4 worms
  A dart slug (D:5)
  9 orcs
  9 ball pythons
  8 bats
  10 endoplasms
  5 giant cockroaches
  5 goblins
  4 hobgoblins
  3 jackals (D:1)
  5 kobolds
  2 quokkas
  2 frilled lizards
  5 rats
144 creatures vanquished.

Vanquished Creatures (others)
  An orc wizard (D:3)
  A plant (D:6)
2 creatures vanquished.

Grand Total: 146 creatures vanquished

Notes
Turn   | Place    | Note
-------+----------+-------------------------------------------
     0 | D:1      | robertstho the Tengu Berserker began the quest for the Orb.
     0 | D:1      | Reached XP level 1. HP: 14/14 MP: 2/2
   115 | D:1      | Reached XP level 2. HP: 19/19 MP: 3/3
   143 | D:1      | Found a faded altar of an unknown god.
   500 | D:2      | Reached XP level 3. HP: 23/23 MP: 4/4
   707 | D:2      | Reached ** piety under Trog
   735 | D:2      | Reached XP level 4. HP: 27/29 MP: 5/5
  1463 | D:3      | Reached skill level 3 in Armour
  1666 | D:3      | Gained mutation: Your magical nature lets you fly swiftly
                  | and evasively. [Tengu growth]
  1666 | D:3      | Reached XP level 5. HP: 33/33 MP: 6/6
  2414 | D:4      | You are sucked into a shaft and drop 3 floors!
  2424 | D:7      | Reached skill level 5 in Polearms
  2424 | D:7      | Reached skill level 4 in Armour
  2424 | D:7      | Reached XP level 6. HP: 39/39 MP: 7/7
  2509 | D:7      | Noticed a sky beast
  2523 | D:6      | Noticed a water moccasin
  2528 | D:6      | Killed a water moccasin
  2529 | D:6      | Reached XP level 7. HP: 44/44 MP: 8/8
  2532 | D:6      | Found an opulent altar of Gozag.
  2614 | D:6      | Reached skill level 5 in Armour
  2729 | D:6      | Reached skill level 5 in Fighting
  2921 | D:6      | Found a faded altar of an unknown god.
  3068 | D:6      | Reached *** piety under Trog
  3069 | D:6      | Found a faded altar of an unknown god.
  3069 | D:6      | Found a faded altar of an unknown god.
  3084 | D:6      | Found a hazy altar of Hepliaklqana.
  3336 | D:5      | Entered Level 5 of the Dungeon
  3526 | D:5      | Reached skill level 6 in Armour
  3526 | D:5      | Reached XP level 8. HP: 49/49 MP: 9/9
  3930 | D:5      | Found Joillihe's Book Shoppe.
  4118 | D:5      | Found a hide-covered altar of Uskayaw.
  4120 | D:5      | Found a white marble altar of Elyvilon.
  4630 | D:4      | Reached skill level 7 in Armour
  5301 | D:7      | Reached skill level 8 in Armour
  5323 | D:7      | Reached XP level 9. HP: 30/55 MP: 10/10
  5610 | D:7      | Found a staircase to the Ecumenical Temple.
  6376 | D:8      | Reached skill level 1 in Shields
  6383 | D:8      | Noticed Psyche
  6387 | D:8      | Killed Psyche
  6388 | D:8      | Reached skill level 9 in Armour
  6487 | D:8      | Noticed Erica
  6493 | D:8      | HP: 3/84 [Erica/lance of force (24)]
  6493 | D:8      | Collided with a rock wall

Illustrated notes

Levels and vault maps discovered:
D:1:      ebering_trefoil_3fold, layout_rooms,
          dreamdust_ecumenical_altar_angels_and_demons, minmay_pentomino_t2
D:2:      layout_basic
D:3:      wad_river_or_something, layout_loops_cross
D:4:      layout_basic
D:5:      layout_loops_ring, chequers_temple_overflow_statue_of_worship,
          serial_shops, kennysheep_mini, hex_medium, minmay_fire_ice_demons
D:6:      layout_layer_cave, nicolae_hepliaklqana_ecumenical_no_more,
          grunt_gozag_breadcrumbs
D:7:      layout_rooms, minmay_temple_entry_glassed_door
D:8:      layout_basic, uniq_erica, uniq_psyche

Skill      XL: |  1  2  3  4  5  6  7  8  9 |
---------------+----------------------------+-----
Polearms       | 4 5 7 8 |  8.7
Fighting       | 4 5 6 |  6.9
Armour         | 3 4 6 8 9 |  9.0
Shields        | 1 |  1.1
Dodging        | |  2.4
Evocations     | |  0.1

Action                   |  1- 3 |  4- 6 |  7- 9 || total
-------------------------+-------+-------+-------++-------
Melee: Spear             |    71 |   135 |   278 ||   484
       Kick              |    12 |    21 |    59 ||    92
       Peck              |     7 |    10 |    37 ||    54
       Punch             |       |       |     2 ||     2
Invok: Berserk           |     1 |     3 |     5 ||     9
       Trog's Hand       |       |     1 |       ||     1
Evoke: Wand              |       |       |     4 ||     4
  Use: Scroll            |     4 |       |     3 ||     7
       Potion            |     2 |     3 |     2 ||     7
Armor: Chain mail        |     9 |       |       ||     9
       Plate armour      |    39 |    48 |    90 ||   177
Dodge: Dodged            |    16 |    25 |    49 ||    90
Block: Buckler           |       |       |    19 ||    19
